Philadelphia Flyers vs Arizona Coyotes
Created - Thursday, September 12, 2024 at 09:09
Goals
|
| Philadelphia Flyers |
1 |
1 |
2 |
4 |
| Arizona Coyotes |
0 |
0 |
1 |
1 |
|
Shots
|
| Philadelphia Flyers |
13 |
10 |
14 |
37 |
| Arizona Coyotes |
10 |
7 |
10 |
27 |
|
1st period
1. Philadelphia Flyers , Jonas Brodin 1 (Alexander Wennberg 7, Matt Duchene 5) at 15:08 (PP)
Penalties :
Brandon Tanev (AZC) for Slashing (Minor) at 14:31
2nd period
2. Philadelphia Flyers , Sonny Milano 7 (Matt Roy 9, Sean Kuraly 4) at 2:19
Penalties :
Mason McTavish (AZC) for Cross-checking (Minor) at 9:49, Mason McTavish (AZC) for Cross-checking (Minor) at 17:26
3rd period
3. Philadelphia Flyers , Radek Faksa 4 (Sonny Milano 6) at 0:52
4. Philadelphia Flyers , Andrew Copp 6 (Tyler Johnson 9, Matt Roy 10) at 9:00 (SH)
5. Arizona Coyotes , Mats Zuccarello 7 (Charlie Coyle 11) at 17:26
Penalties :
Ben Chiarot (PHI) for Cross-checking (Minor) at 7:01, Connor Murphy (PHI) for Holding (Minor) at 9:42, Jayden Struble (AZC) for Tripping (Minor) at 12:10
Goalie Stats
Connor Ingram (PHI), 26 saves from 27 shots - (0.963), W, 8-3-3, 60:00 minutes
Petr Mrazek (AZC), 33 saves from 37 shots - (0.892), L, 6-6-3, 60:00 minutes
Players Stats for Philadelphia Flyers
Player Name G A P +/- PIM S H SB GA TA FO MP PP MP PK MP
------------------------------------------------------------------------------------
Alexander Wennberg 0 1 1 -1 0 3 0 1 0 0 1/1 17:20 3:16 1:52
Andrew Copp 1 0 1 0 0 2 1 0 0 0 12/19 15:49 3:16 0:13
Auston Matthews 0 0 0 0 0 4 1 0 2 0 4/9 16:21 3:18 0:00
Ben Chiarot 0 0 0 1 2 0 1 1 0 2 0/0 16:28 0:00 0:00
Bryan Rust 0 0 0 0 0 0 2 0 0 2 2/2 16:13 3:14 0:00
Casey Cizikas 0 0 0 0 0 1 1 0 0 0 6/11 14:06 0:04 1:52
Connor Murphy 0 0 0 1 2 1 1 0 0 2 0/0 16:10 0:00 0:44
Jonas Brodin 1 0 1 0 0 2 1 2 0 1 0/0 22:35 2:42 2:22
Justin Faulk 0 0 0 0 0 2 3 2 0 0 0/0 22:58 3:52 1:58
Marcus Johansson 0 0 0 0 0 2 1 0 0 0 0/0 17:01 2:42 1:53
Matt Duchene 0 1 1 -1 0 2 1 0 0 1 0/1 15:28 3:16 0:00
Matt Roy 0 2 2 2 0 0 3 1 0 1 0/0 18:29 0:00 2:00
Radek Faksa 1 0 1 2 0 2 0 0 0 1 8/15 13:58 0:00 1:53
Sean Kuraly 0 1 1 2 0 2 3 0 0 0 0/1 12:13 0:04 0:00
Sonny Milano 1 1 2 2 0 4 0 0 1 0 0/0 12:05 0:00 0:00
Trevor van Riemsdyk 0 0 0 0 0 2 0 0 0 0 0/0 16:19 0:00 0:52
Tyler Johnson 0 1 1 1 0 8 1 0 2 0 0/1 16:14 3:52 0:13
Vladimir Tarasenko 0 0 0 0 0 0 1 0 1 0 0/2 16:13 3:14 0:00
Players Stats for Arizona Coyotes
Player Name G A P +/- PIM S H SB GA TA FO MP PP MP PK MP
------------------------------------------------------------------------------------
Anthony Deangelo 0 0 0 1 0 0 1 0 0 1 0/0 11:27 0:00 0:00
Brandon Tanev 0 0 0 -2 2 2 1 1 0 0 1/2 16:08 1:59 0:42
Brayden McNabb 0 0 0 -1 0 0 2 2 0 0 0/0 21:15 1:59 3:11
Charlie Coyle 0 1 1 0 0 7 0 0 2 0 8/22 21:04 1:58 3:21
Erik Haula 0 0 0 -2 0 0 2 0 2 0 0/0 15:22 1:59 0:00
Jakob Silfverberg 0 0 0 0 0 0 0 0 0 0 0/0 9:36 0:01 0:00
Jani Hakanpaa 0 0 0 -2 0 1 0 1 0 1 0/0 27:18 1:59 3:23
Jayden Struble 0 0 0 1 2 1 1 0 0 0 0/0 11:30 0:00 0:00
Mark Jankowski 0 0 0 0 0 0 0 0 0 0 1/2 9:14 0:00 0:00
Mason McTavish 0 0 0 -2 4 2 2 0 2 0 11/20 16:32 1:59 1:03
Mats Zuccarello 1 0 1 0 0 5 1 0 2 0 0/1 21:04 1:58 3:21
Matt Dumba 0 0 0 -1 0 0 2 2 1 0 0/0 21:15 1:59 3:11
Ondrej Palat 0 0 0 0 0 2 1 0 0 1 0/0 9:14 0:00 0:00
Radko Gudas 0 0 0 -2 0 2 0 3 0 2 0/0 27:18 1:59 3:23
Ross Colton 0 0 0 0 0 2 2 0 0 1 3/8 11:02 0:01 0:00
Ryan Donato 0 0 0 0 0 2 0 1 1 0 1/2 11:02 0:01 0:00
Tyler Seguin 0 0 0 0 0 0 0 0 0 0 4/5 20:35 1:58 3:00
Zach Parise 0 0 0 0 0 1 1 0 0 0 0/0 12:26 0:00 1:41
3 Stars
1 - Sonny Milano (PHI)
2 - Matt Roy (PHI)
3 - Connor Ingram (PHI)
Power Play
Philadelphia Flyers - 1 on 4 Attempt(s) - 25.00%
Arizona Coyotes - 0 on 2 Attempt(s) - 0.00%
Penalty Kill
Philadelphia Flyers - 2 on 2 Attempt(s) - 100.00%
- Score 1 goal in Penalty Kill
Arizona Coyotes - 3 on 4 Attempt(s) - 75.00%
- Score 0 goal in Penalty Kill
Team Stat
Philadelphia Flyers - Hits : 21 - Faceoff Wins : 33 - Blocked Shots : 7 - Penalty Minutes : 4
Arizona Coyotes - Hits : 16 - Faceoff Wins : 29 - Blocked Shots : 10 - Penalty Minutes : 8
Official
Referees : Reid Anderson and Gord Dwyer
Linesman : Travis Gawryletz and CJ Murray
Game Notes
No Game Note
Finance
Level 1 -- Attendance: 5837 (97.28%) -- Ticket Income $542,841
Level 2 -- Attendance: 4612 (92.24%) -- Ticket Income $239,824
Level 3 -- Attendance: 2587 (86.23%) -- Ticket Income $77,610
Level 4 -- Attendance: 4649 (92.98%) -- Ticket Income $92,980
Luxury Box -- Attendance: 907 (90.70%) -- Ticket Income $175,051
Game was played at the Gila River Arena.
Total Attendance: 18592 (92.96%)
Total Ticket Income: $1,128,306
Other Income: $394,907
Total Income: $1,523,213
Philadelphia Flyers
5 vs 5 Forward
Center Left Wing Right Wing Time % Phy DF OF
1 Auston Matthews Bryan Rust Vladimir Tarasenko 25 0 3 2
2 Andrew Copp Matt Duchene Alexander Wennberg 25 0 3 2
3 Casey Cizikas Tyler Johnson Marcus Johansson 25 1 3 1
4 Radek Faksa Sean Kuraly Sonny Milano 25 1 3 1
5 vs 5 Defense
Defense Defense Time % Phy DF OF
1 Justin Faulk Jonas Brodin 35 1 3 1
2 Matt Roy Ben Chiarot 35 1 3 1
3 Connor Murphy Trevor van Riemsdyk 30 1 3 1
4 Justin Faulk Jonas Brodin 0 1 3 1
PowerPlay Forward
Center Left Wing Right Wing Time % Phy DF OF
1 Auston Matthews Bryan Rust Vladimir Tarasenko 50 0 1 4
2 Andrew Copp Matt Duchene Alexander Wennberg 50 0 1 4
PowerPlay Defense
Defense Defense Time % Phy DF OF
1 Justin Faulk Tyler Johnson 50 0 2 3
2 Jonas Brodin Marcus Johansson 50 0 2 3
Penalty Kill 4 Players Forward
Center Wing Time % Phy DF OF
1 Casey Cizikas Alexander Wennberg 50 1 3 1
2 Radek Faksa Marcus Johansson 50 1 3 1
Penalty Kill 4 Players Defense
Defense Defense Time % Phy DF OF
1 Justin Faulk Jonas Brodin 50 0 4 1
2 Matt Roy Connor Murphy 50 0 4 1
Penalty Kill - 3 Players Forward
Forward Time % Phy DF OF
1 Casey Cizikas 50 1 4 0
2 Radek Faksa 50 1 4 0
Penalty Kill - 3 Players Defense
Defense Defense Time % Phy DF OF
1 Justin Faulk Jonas Brodin 50 1 4 0
2 Matt Roy Connor Murphy 50 1 4 0
4 vs 4 Forward
Center Wing Time % Phy DF OF
1 Auston Matthews Bryan Rust 50 0 3 2
2 Andrew Copp Vladimir Tarasenko 50 0 3 2
4 vs 4 Defense
Defense Defense Time % Phy DF OF
1 Justin Faulk Jonas Brodin 50 0 3 2
2 Matt Roy Ben Chiarot 50 0 3 2
Last Minutes Offensive
Center Left Wing Right Wing Defense Defense
Auston Matthews Bryan Rust Vladimir Tarasenko Justin Faulk Jonas Brodin
Last Minutes Defensive
Center Left Wing Right Wing Defense Defense
Casey Cizikas Radek Faksa Alexander Wennberg Justin Faulk Jonas Brodin
Goaltenders
Starting : Connor Ingram
Backup : Jake Allen
Extra Forwards
Normal : Sean Kuraly, Casey Cizikas, Tyler Johnson - PP : Sean Kuraly, Casey Cizikas - PK : Tyler Johnson
Extra Defensemen
Normal : Connor Murphy, Trevor van Riemsdyk, Jonas Brodin - PP : Connor Murphy - PK : Trevor van Riemsdyk, Jonas Brodin
Penalty Shots
Auston Matthews, Matt Duchene, Bryan Rust, Vladimir Tarasenko, Alexander Wennberg
Scratches
Louis Crevier (Healthy), Matt Rempe (Healthy), Jesper Fast (Healthy), Marcel Marcel (Healthy), Daniil Misyul (Healthy)
Arizona Coyotes
5 vs 5 Forward
Center Left Wing Right Wing Time % Phy DF OF
1 Charlie Coyle Mats Zuccarello Tyler Seguin 35 1 2 2
2 Mason McTavish Erik Haula Brandon Tanev 30 1 2 2
3 Ross Colton Zach Parise Ryan Donato 25 1 2 2
4 Mark Jankowski Jakob Silfverberg Ondrej Palat 10 1 2 2
5 vs 5 Defense
Defense Defense Time % Phy DF OF
1 Jani Hakanpaa Radko Gudas 40 1 2 2
2 Brayden McNabb Matt Dumba 30 1 2 2
3 Jayden Struble Anthony Deangelo 20 1 2 2
4 Jani Hakanpaa Radko Gudas 10 1 2 2
PowerPlay Forward
Center Left Wing Right Wing Time % Phy DF OF
1 Charlie Coyle Mats Zuccarello Tyler Seguin 50 1 1 3
2 Mason McTavish Erik Haula Brandon Tanev 50 1 1 3
PowerPlay Defense
Defense Defense Time % Phy DF OF
1 Jani Hakanpaa Radko Gudas 50 1 1 3
2 Brayden McNabb Matt Dumba 50 1 1 3
Penalty Kill 4 Players Forward
Center Wing Time % Phy DF OF
1 Charlie Coyle Mats Zuccarello 50 1 2 2
2 Tyler Seguin Mason McTavish 50 1 2 2
Penalty Kill 4 Players Defense
Defense Defense Time % Phy DF OF
1 Jani Hakanpaa Radko Gudas 50 1 3 1
2 Brayden McNabb Matt Dumba 50 1 3 1
Penalty Kill - 3 Players Forward
Forward Time % Phy DF OF
1 Charlie Coyle 50 1 2 2
2 Mats Zuccarello 50 1 2 2
Penalty Kill - 3 Players Defense
Defense Defense Time % Phy DF OF
1 Jani Hakanpaa Radko Gudas 50 1 3 1
2 Brayden McNabb Matt Dumba 50 1 3 1
4 vs 4 Forward
Center Wing Time % Phy DF OF
1 Charlie Coyle Mats Zuccarello 50 0 1 4
2 Tyler Seguin Mason McTavish 50 0 1 4
4 vs 4 Defense
Defense Defense Time % Phy DF OF
1 Jani Hakanpaa Radko Gudas 50 1 3 1
2 Brayden McNabb Matt Dumba 50 1 3 1
Last Minutes Offensive
Center Left Wing Right Wing Defense Defense
Charlie Coyle Mats Zuccarello Tyler Seguin Jani Hakanpaa Radko Gudas
Last Minutes Defensive
Center Left Wing Right Wing Defense Defense
Charlie Coyle Mats Zuccarello Tyler Seguin Jani Hakanpaa Radko Gudas
Goaltenders
Starting : Petr Mrazek
Backup : Carter Hart
Extra Forwards
Normal : Ross Colton, Ryan Donato, Zach Parise - PP : Ross Colton, Ryan Donato - PK : Zach Parise
Extra Defensemen
Normal : Jayden Struble, Anthony Deangelo, Brayden McNabb - PP : Jayden Struble - PK : Anthony Deangelo, Brayden McNabb
Penalty Shots
Charlie Coyle, Mats Zuccarello, Tyler Seguin, Mason McTavish, Erik Haula
Scratches
Jared Spurgeon (Healthy), Ondrej Pavel (Healthy), Scott Reedy (Healthy), Elvis Merzlikins (Healthy)
% Time on Ice - Philadelphia Flyers
Lines # - Real PCT - Wanted PCT - Time Play
Normal Forward
1 - 26% - 25% - 13:05
2 - 25% - 25% - 12:12
3 - 24% - 25% - 12:06
4 - 24% - 25% - 12:05
Normal Defense
1 - 34% - 35% - 16:39
2 - 34% - 35% - 16:57
3 - 31% - 30% - 15:25
4 - 1% - 0% - 0:27
PP Forward
1 - 50% - 50% - 3:18
2 - 50% - 50% - 3:16
PP Defense
1 - 59% - 50% - 3:52
2 - 41% - 50% - 2:42
PK Forward
1 - 53% - 50% - 2:05
2 - 47% - 50% - 1:53
PK Defense
1 - 45% - 50% - 1:48
2 - 55% - 50% - 2:10
PK3 Forward
1 - 0% - 50%
2 - 0% - 50%
PK3 Defense
1 - 0% - 50%
2 - 0% - 50%
44 Forward
1 - 0% - 50%
2 - 0% - 50%
44 Defense
1 - 0% - 50%
2 - 0% - 50%
Last Minute Offensive - 0:00
Last Minute Defensive - 0:00
Total
Forward - 60:00
Defense - 60:00
|
% Time on Ice - Arizona Coyotes
Lines # - Real PCT - Wanted PCT - Time Play
Normal Forward
1 - 33% - 35% - 16:06
2 - 27% - 30% - 13:28
3 - 22% - 25% - 10:40
4 - 19% - 10% - 9:14
Normal Defense
1 - 39% - 40% - 19:18
2 - 33% - 30% - 16:05
3 - 23% - 20% - 11:27
4 - 5% - 10% - 2:38
PP Forward
1 - 50% - 50% - 1:59
2 - 50% - 50% - 1:59
PP Defense
1 - 50% - 50% - 1:59
2 - 50% - 50% - 1:59
PK Forward
1 - 51% - 50% - 3:21
2 - 49% - 50% - 3:13
PK Defense
1 - 52% - 50% - 3:23
2 - 48% - 50% - 3:11
PK3 Forward
1 - 0% - 50%
2 - 0% - 50%
PK3 Defense
1 - 0% - 50%
2 - 0% - 50%
44 Forward
1 - 0% - 50%
2 - 0% - 50%
44 Defense
1 - 0% - 50%
2 - 0% - 50%
Last Minute Offensive - 0:00
Last Minute Defensive - 0:00
Total
Forward - 60:00
Defense - 60:00
|
Play-by-Play
1st period
0:01 of 1st period - Auston Matthews wins face-off versus Charlie Coyle in neutral zone.
0:26 of 1st period - Erik Haula is hit by Matt Duchene.
1:12 of 1st period - Snap shot by Sean Kuraly.
1:12 of 1st period - Stopped by Petr Mrazek without a rebound.
1:13 of 1st period - Radek Faksa wins face-off versus Mark Jankowski in Arizona Coyotes zone.
1:14 of 1st period - Snap shot by Sonny Milano.
1:14 of 1st period - Stopped by Petr Mrazek with a rebound.
1:37 of 1st period - Ondrej Palat is hit by Sean Kuraly and loses puck.
2:30 of 1st period - Off-side.
2:31 of 1st period - Charlie Coyle wins face-off versus Casey Cizikas in neutral zone.
2:40 of 1st period - Wrist shot by Charlie Coyle.
2:40 of 1st period - Stopped by Connor Ingram without a rebound.
2:41 of 1st period - Casey Cizikas wins face-off versus Charlie Coyle in Philadelphia Flyers zone.
2:46 of 1st period - Matt Dumba is hit by Marcus Johansson.
3:06 of 1st period - Wrist shot by Marcus Johansson.
3:06 of 1st period - Shot Misses the Net.
3:14 of 1st period - Wrist shot by Tyler Johnson.
3:14 of 1st period - Stopped by Petr Mrazek with a rebound.
3:16 of 1st period - Slapshot by Justin Faulk.
3:16 of 1st period - Stopped by Petr Mrazek without a rebound.
3:17 of 1st period - Auston Matthews wins face-off versus Mason McTavish in Arizona Coyotes zone.
3:20 of 1st period - Snap shot by Auston Matthews.
3:20 of 1st period - Stopped by Petr Mrazek with a rebound.
3:28 of 1st period - Wrist shot by Erik Haula.
3:28 of 1st period - Shot Misses the Net.
3:30 of 1st period - Snap shot by Brandon Tanev.
3:30 of 1st period - Shot Misses the Net.
3:48 of 1st period - Off-side.
3:49 of 1st period - Andrew Copp wins face-off versus Ross Colton in neutral zone.
3:56 of 1st period - Wrist shot by Andrew Copp.
3:56 of 1st period - Shot Misses the Net.
3:58 of 1st period - Wrist shot by Matt Duchene.
3:58 of 1st period - Stopped by Petr Mrazek with a rebound.
4:00 of 1st period - Wrist shot by Alexander Wennberg.
4:00 of 1st period - Stopped by Petr Mrazek with a rebound.
4:14 of 1st period - Connor Murphy is hit by Matt Dumba and loses puck.
4:41 of 1st period - Snap shot by Marcus Johansson.
4:41 of 1st period - Stopped by Petr Mrazek with a rebound.
4:43 of 1st period - Wrist shot by Tyler Johnson.
4:43 of 1st period - Shot Misses the Net.
4:45 of 1st period - Wrist shot by Marcus Johansson.
4:45 of 1st period - Stopped by Petr Mrazek without a rebound.
4:46 of 1st period - Ryan Donato wins face-off versus Andrew Copp in Arizona Coyotes zone.
5:18 of 1st period - Wrist shot by Auston Matthews.
5:18 of 1st period - Shot Blocked by Radko Gudas.
6:53 of 1st period - Snap shot by Tyler Johnson.
6:53 of 1st period - Stopped by Petr Mrazek with a rebound.
7:21 of 1st period - Matt Roy is hit by Zach Parise.
8:01 of 1st period - Off-side.
8:02 of 1st period - Tyler Seguin wins face-off versus Auston Matthews in neutral zone.
8:07 of 1st period - Slapshot by Mats Zuccarello.
8:07 of 1st period - Stopped by Connor Ingram without a rebound.
8:08 of 1st period - Charlie Coyle wins face-off versus Auston Matthews in Philadelphia Flyers zone.
8:11 of 1st period - Wrist shot by Charlie Coyle.
8:11 of 1st period - Stopped by Connor Ingram with a rebound.
8:35 of 1st period - Brandon Tanev is hit by Sean Kuraly and loses puck.
8:56 of 1st period - Wrist shot by Ondrej Palat.
8:56 of 1st period - Shot Misses the Net.
9:34 of 1st period - Wrist shot by Ryan Donato.
9:34 of 1st period - Shot Hit the Post.
9:46 of 1st period - Jani Hakanpaa is hit by Vladimir Tarasenko and loses puck.
10:19 of 1st period - Wrist shot by Ondrej Palat.
10:19 of 1st period - Stopped by Connor Ingram with a rebound.
11:03 of 1st period - Snap shot by Charlie Coyle.
11:03 of 1st period - Shot Misses the Net.
11:21 of 1st period - Icing by Charlie Coyle.
11:22 of 1st period - Brandon Tanev wins face-off versus Sean Kuraly in Arizona Coyotes zone.
11:47 of 1st period - Anthony Deangelo is hit by Casey Cizikas and loses puck.
11:54 of 1st period - Wrist shot by Tyler Johnson.
11:54 of 1st period - Shot Misses the Net.
12:08 of 1st period - Zach Parise is hit by Ben Chiarot and loses puck.
12:36 of 1st period - Snap shot by Andrew Copp.
12:36 of 1st period - Stopped by Petr Mrazek without a rebound.
12:37 of 1st period - Radek Faksa wins face-off versus Brandon Tanev in Arizona Coyotes zone.
12:38 of 1st period - Wrist shot by Sonny Milano.
12:38 of 1st period - Shot Misses the Net.
13:14 of 1st period - Snap shot by Mats Zuccarello.
13:14 of 1st period - Shot Blocked by Jonas Brodin.
13:16 of 1st period - Snap shot by Charlie Coyle.
13:16 of 1st period - Stopped by Connor Ingram with a rebound.
13:33 of 1st period - Wrist shot by Ryan Donato.
13:33 of 1st period - Deflect By Zach Parise.
13:33 of 1st period - Shot Misses the Net.
13:33 of 1st period - Puck is out of play.
13:34 of 1st period - Mason McTavish wins face-off versus Radek Faksa in Philadelphia Flyers zone.
13:46 of 1st period - Icing by Erik Haula.
13:47 of 1st period - Mason McTavish wins face-off versus Matt Duchene in Arizona Coyotes zone.
13:58 of 1st period - Snap shot by Andrew Copp.
13:58 of 1st period - Shot Misses the Net.
14:12 of 1st period - Brandon Tanev is hit by Matt Roy and loses puck.
14:31 of 1st period - Minor Penalty to Brandon Tanev for Slashing.
14:32 of 1st period - Charlie Coyle wins face-off versus Auston Matthews in Arizona Coyotes zone.
14:59 of 1st period - Mats Zuccarello is hit by Justin Faulk and loses puck.
15:04 of 1st period - Snap shot by Alexander Wennberg.
15:04 of 1st period - Stopped by Petr Mrazek with a rebound.
15:06 of 1st period - Wrist shot by Jonas Brodin.
15:06 of 1st period - Shot Misses the Net.
15:08 of 1st period - Snap shot by Jonas Brodin.
15:08 of 1st period - Goal by Jonas Brodin - Philadelphia Flyers : 1 - Arizona Coyotes : 0.
15:09 of 1st period - Mason McTavish wins face-off versus Radek Faksa in neutral zone.
15:46 of 1st period - Wrist shot by Charlie Coyle.
15:46 of 1st period - Shot Misses the Net.
16:18 of 1st period - Ben Chiarot is hit by Brayden McNabb and loses puck.
17:05 of 1st period - Snap shot by Charlie Coyle.
17:05 of 1st period - Stopped by Connor Ingram without a rebound.
17:06 of 1st period - Tyler Seguin wins face-off versus Casey Cizikas in Philadelphia Flyers zone.
17:07 of 1st period - Snap shot by Mats Zuccarello.
17:07 of 1st period - Stopped by Connor Ingram without a rebound.
17:08 of 1st period - Casey Cizikas wins face-off versus Charlie Coyle in Philadelphia Flyers zone.
17:42 of 1st period - Icing by Radko Gudas.
17:43 of 1st period - Charlie Coyle wins face-off versus Vladimir Tarasenko in Arizona Coyotes zone.
18:04 of 1st period - Slapshot by Charlie Coyle.
18:04 of 1st period - Stopped by Connor Ingram with a rebound.
18:06 of 1st period - Snap shot by Charlie Coyle.
18:06 of 1st period - Stopped by Connor Ingram with a rebound.
19:02 of 1st period - Slapshot by Jani Hakanpaa.
19:02 of 1st period - Stopped by Connor Ingram without a rebound.
19:03 of 1st period - Alexander Wennberg wins face-off versus Ryan Donato in Philadelphia Flyers zone.
Goals for this period are 1 for Philadelphia Flyers vs 0 for Arizona Coyotes.
Shots for this period are 13 for Philadelphia Flyers vs 10 for Arizona Coyotes.
2nd period
0:01 of 2nd period - Ross Colton wins face-off versus Andrew Copp in neutral zone.
0:22 of 2nd period - Icing by Connor Murphy.
0:23 of 2nd period - Mason McTavish wins face-off versus Andrew Copp in Philadelphia Flyers zone.
0:50 of 2nd period - Snap shot by Ryan Donato.
0:50 of 2nd period - Stopped by Connor Ingram without a rebound.
0:51 of 2nd period - Radek Faksa wins face-off versus Ross Colton in Philadelphia Flyers zone.
1:04 of 2nd period - Snap shot by Sonny Milano.
1:04 of 2nd period - Stopped by Petr Mrazek without a rebound.
1:05 of 2nd period - Casey Cizikas wins face-off versus Mason McTavish in Arizona Coyotes zone.
1:08 of 2nd period - Backhand shot by Tyler Johnson.
1:08 of 2nd period - Shot Hit the Post.
1:20 of 2nd period - Snap shot by Erik Haula.
1:20 of 2nd period - Shot Misses the Net.
1:41 of 2nd period - Snap shot by Tyler Seguin.
1:41 of 2nd period - Shot Blocked by Justin Faulk.
1:55 of 2nd period - Snap shot by Zach Parise.
1:55 of 2nd period - Shot Misses the Net.
2:01 of 2nd period - Wrist shot by Ryan Donato.
2:01 of 2nd period - Stopped by Connor Ingram without a rebound.
2:02 of 2nd period - Radek Faksa wins face-off versus Mason McTavish in Philadelphia Flyers zone.
2:09 of 2nd period - Backhand shot by Mason McTavish.
2:09 of 2nd period - Stopped by Connor Ingram without a rebound.
2:10 of 2nd period - Radek Faksa wins face-off versus Mason McTavish in Philadelphia Flyers zone.
2:15 of 2nd period - Snap shot by Sean Kuraly.
2:15 of 2nd period - Shot Misses the Net.
2:17 of 2nd period - Wrist shot by Sean Kuraly.
2:17 of 2nd period - Shot Misses the Net.
2:19 of 2nd period - Slapshot by Matt Roy.
2:19 of 2nd period - Deflect By Sonny Milano.
2:19 of 2nd period - Goal by Sonny Milano - Philadelphia Flyers : 2 - Arizona Coyotes : 0.
2:20 of 2nd period - Casey Cizikas wins face-off versus Mats Zuccarello in neutral zone.
2:45 of 2nd period - Ben Chiarot is hit by Brandon Tanev and loses puck.
3:11 of 2nd period - Brayden McNabb is hit by Connor Murphy and loses puck.
3:27 of 2nd period - Icing by Matt Dumba.
3:28 of 2nd period - Andrew Copp wins face-off versus Ross Colton in Arizona Coyotes zone.
3:35 of 2nd period - Snap shot by Tyler Johnson.
3:35 of 2nd period - Shot Blocked by Ryan Donato.
3:37 of 2nd period - Slapshot by Ben Chiarot.
3:37 of 2nd period - Shot Blocked by Brayden McNabb.
3:41 of 2nd period - Snap shot by Tyler Johnson.
3:41 of 2nd period - Stopped by Petr Mrazek without a rebound.
3:42 of 2nd period - Andrew Copp wins face-off versus Charlie Coyle in Arizona Coyotes zone.
4:07 of 2nd period - Tyler Seguin is hit by Tyler Johnson.
4:23 of 2nd period - Wrist shot by Mats Zuccarello.
4:23 of 2nd period - Shot Misses the Net.
4:25 of 2nd period - Slapshot by Radko Gudas.
4:25 of 2nd period - Stopped by Connor Ingram with a rebound.
4:27 of 2nd period - Snap shot by Radko Gudas.
4:27 of 2nd period - Stopped by Connor Ingram with a rebound.
5:12 of 2nd period - Wrist shot by Mats Zuccarello.
5:12 of 2nd period - Shot Misses the Net.
5:18 of 2nd period - Wrist shot by Charlie Coyle.
5:18 of 2nd period - Shot Blocked by Matt Roy.
5:20 of 2nd period - Wrist shot by Mats Zuccarello.
5:20 of 2nd period - Deflect By Charlie Coyle.
5:20 of 2nd period - Shot Blocked by Ben Chiarot.
5:20 of 2nd period - Puck is out of play.
5:21 of 2nd period - Radek Faksa wins face-off versus Mason McTavish in Philadelphia Flyers zone.
5:30 of 2nd period - Wrist shot by Sean Kuraly.
5:30 of 2nd period - Stopped by Petr Mrazek with a rebound.
5:34 of 2nd period - Wrist shot by Sonny Milano.
5:34 of 2nd period - Stopped by Petr Mrazek without a rebound.
5:35 of 2nd period - Andrew Copp wins face-off versus Ross Colton in Arizona Coyotes zone.
6:11 of 2nd period - Snap shot by Tyler Johnson.
6:11 of 2nd period - Shot Misses the Net.
6:23 of 2nd period - Radek Faksa is hit by Jayden Struble.
7:50 of 2nd period - Icing by Alexander Wennberg.
7:51 of 2nd period - Andrew Copp wins face-off versus Charlie Coyle in Philadelphia Flyers zone.
7:57 of 2nd period - Icing by Matt Duchene.
7:58 of 2nd period - Andrew Copp wins face-off versus Charlie Coyle in Philadelphia Flyers zone.
8:31 of 2nd period - Snap shot by Charlie Coyle.
8:31 of 2nd period - Shot Misses the Net.
8:39 of 2nd period - Snap shot by Andrew Copp.
8:39 of 2nd period - Shot Misses the Net.
8:51 of 2nd period - Slapshot by Alexander Wennberg.
8:51 of 2nd period - Stopped by Petr Mrazek without a rebound.
8:52 of 2nd period - Mason McTavish wins face-off versus Tyler Johnson in Arizona Coyotes zone.
9:26 of 2nd period - Slapshot by Ryan Donato.
9:26 of 2nd period - Deflect By Ross Colton.
9:26 of 2nd period - Shot Misses the Net.
9:26 of 2nd period - Puck is out of play.
9:27 of 2nd period - Mason McTavish wins face-off versus Radek Faksa in Philadelphia Flyers zone.
9:35 of 2nd period - Justin Faulk is hit by Mason McTavish and loses puck.
9:49 of 2nd period - Minor Penalty to Mason McTavish for Cross-checking.
9:50 of 2nd period - Andrew Copp wins face-off versus Tyler Seguin in Arizona Coyotes zone.
11:48 of 2nd period - Zach Parise is hit by Sean Kuraly and loses puck.
11:49 of 2nd period - Penalty to Mason McTavish is over, Mason McTavish is back on ice.
12:19 of 2nd period - Casey Cizikas is hit by Ross Colton and loses puck.
12:23 of 2nd period - Icing by Marcus Johansson.
12:24 of 2nd period - Ross Colton wins face-off versus Casey Cizikas in Philadelphia Flyers zone.
12:25 of 2nd period - Slapshot by Ryan Donato.
12:25 of 2nd period - Deflect By Ross Colton.
12:25 of 2nd period - Stopped by Connor Ingram without a rebound.
12:26 of 2nd period - Mason McTavish wins face-off versus Radek Faksa in Philadelphia Flyers zone.
12:51 of 2nd period - Radko Gudas is hit by Jonas Brodin.
13:13 of 2nd period - Anthony Deangelo is hit by Justin Faulk and loses puck.
13:57 of 2nd period - Wrist shot by Erik Haula.
13:57 of 2nd period - Shot Misses the Net.
14:19 of 2nd period - Snap shot by Auston Matthews.
14:19 of 2nd period - Stopped by Petr Mrazek with a rebound.
15:03 of 2nd period - Slapshot by Brandon Tanev.
15:03 of 2nd period - Stopped by Connor Ingram without a rebound.
15:04 of 2nd period - Mason McTavish wins face-off versus Vladimir Tarasenko in Philadelphia Flyers zone.
16:22 of 2nd period - Slapshot by Tyler Johnson.
16:22 of 2nd period - Stopped by Petr Mrazek without a rebound.
16:23 of 2nd period - Bryan Rust wins face-off versus Mason McTavish in Arizona Coyotes zone.
16:39 of 2nd period - Icing by Mason McTavish.
16:40 of 2nd period - Mason McTavish wins face-off versus Radek Faksa in Arizona Coyotes zone.
16:51 of 2nd period - Matt Dumba is hit by Justin Faulk and loses puck.
16:56 of 2nd period - Slapshot by Sean Kuraly.
16:56 of 2nd period - Shot Blocked by Brandon Tanev.
17:26 of 2nd period - Minor Penalty to Mason McTavish for Cross-checking.
17:27 of 2nd period - Andrew Copp wins face-off versus Charlie Coyle in Arizona Coyotes zone.
17:33 of 2nd period - Slapshot by Matt Duchene.
17:33 of 2nd period - Shot Misses the Net.
17:41 of 2nd period - Charlie Coyle is hit by Andrew Copp and loses puck.
17:54 of 2nd period - Zach Parise is hit by Bryan Rust and loses puck.
18:03 of 2nd period - Wrist shot by Bryan Rust.
18:03 of 2nd period - Shot Misses the Net.
18:05 of 2nd period - Wrist shot by Vladimir Tarasenko.
18:05 of 2nd period - Deflect By Bryan Rust.
18:05 of 2nd period - Shot Misses the Net.
18:05 of 2nd period - Puck is out of play.
18:06 of 2nd period - Andrew Copp wins face-off versus Charlie Coyle in Arizona Coyotes zone.
18:07 of 2nd period - Slapshot by Matt Duchene.
18:07 of 2nd period - Shot Misses the Net.
18:09 of 2nd period - Wrist shot by Alexander Wennberg.
18:09 of 2nd period - Shot Blocked by Matt Dumba.
18:11 of 2nd period - Snap shot by Matt Duchene.
18:11 of 2nd period - Deflect By Matt Dumba.
18:11 of 2nd period - Stopped by Petr Mrazek with a rebound.
18:21 of 2nd period - Snap shot by Alexander Wennberg.
18:21 of 2nd period - Shot Misses the Net.
18:32 of 2nd period - Icing by Justin Faulk.
18:33 of 2nd period - Tyler Seguin wins face-off versus Auston Matthews in Philadelphia Flyers zone.
19:26 of 2nd period - Penalty to Mason McTavish is over, Mason McTavish is back on ice.
19:41 of 2nd period - Snap shot by Radek Faksa.
19:41 of 2nd period - Stopped by Petr Mrazek with a rebound.
19:53 of 2nd period - Matt Duchene is hit by Mason McTavish and loses puck.
Goals for this period are 1 for Philadelphia Flyers vs 0 for Arizona Coyotes.
Shots for this period are 10 for Philadelphia Flyers vs 7 for Arizona Coyotes.
3rd period
0:01 of 3rd period - Bryan Rust wins face-off versus Charlie Coyle in neutral zone.
0:28 of 3rd period - Snap shot by Tyler Johnson.
0:28 of 3rd period - Stopped by Petr Mrazek with a rebound.
0:30 of 3rd period - Wrist shot by Casey Cizikas.
0:30 of 3rd period - Shot Misses the Net.
0:32 of 3rd period - Slapshot by Jonas Brodin.
0:32 of 3rd period - Deflect By Casey Cizikas.
0:32 of 3rd period - Stopped by Petr Mrazek with a rebound.
0:34 of 3rd period - Wrist shot by Casey Cizikas.
0:34 of 3rd period - Shot Blocked by Radko Gudas.
0:36 of 3rd period - Snap shot by Marcus Johansson.
0:36 of 3rd period - Shot Misses the Net.
0:52 of 3rd period - Snap shot by Radek Faksa.
0:52 of 3rd period - Goal by Radek Faksa - Philadelphia Flyers : 3 - Arizona Coyotes : 0.
0:53 of 3rd period - Casey Cizikas wins face-off versus Charlie Coyle in neutral zone.
0:58 of 3rd period - Snap shot by Marcus Johansson.
0:58 of 3rd period - Shot Blocked by Brayden McNabb.
2:09 of 3rd period - Sonny Milano is hit by Erik Haula and loses puck.
2:52 of 3rd period - Mats Zuccarello is hit by Matt Roy and loses puck.
3:09 of 3rd period - Vladimir Tarasenko is hit by Ondrej Palat and loses puck.
3:36 of 3rd period - Ben Chiarot is hit by Brayden McNabb.
3:46 of 3rd period - Vladimir Tarasenko is hit by Ross Colton and loses puck.
3:59 of 3rd period - Mason McTavish is hit by Matt Roy and loses puck.
4:24 of 3rd period - Wrist shot by Tyler Seguin.
4:24 of 3rd period - Shot Misses the Net.
4:42 of 3rd period - Wrist shot by Ryan Donato.
4:42 of 3rd period - Shot Misses the Net.
5:06 of 3rd period - Wrist shot by Jakob Silfverberg.
5:06 of 3rd period - Shot Misses the Net.
5:20 of 3rd period - Wrist shot by Brandon Tanev.
5:20 of 3rd period - Deflect By Marcus Johansson.
5:20 of 3rd period - Stopped by Connor Ingram without a rebound.
5:21 of 3rd period - Casey Cizikas wins face-off versus Mason McTavish in Philadelphia Flyers zone.
5:30 of 3rd period - Snap shot by Tyler Johnson.
5:30 of 3rd period - Stopped by Petr Mrazek without a rebound.
5:31 of 3rd period - Radek Faksa wins face-off versus Charlie Coyle in Arizona Coyotes zone.
5:34 of 3rd period - Wrist shot by Justin Faulk.
5:34 of 3rd period - Stopped by Petr Mrazek with a rebound.
6:00 of 3rd period - Wrist shot by Tyler Johnson.
6:00 of 3rd period - Shot Misses the Net.
6:22 of 3rd period - Wrist shot by Tyler Johnson.
6:22 of 3rd period - Shot Misses the Net.
6:24 of 3rd period - Slapshot by Jonas Brodin.
6:24 of 3rd period - Shot Blocked by Jani Hakanpaa.
6:26 of 3rd period - Slapshot by Jonas Brodin.
6:26 of 3rd period - Stopped by Petr Mrazek without a rebound.
6:27 of 3rd period - Andrew Copp wins face-off versus Charlie Coyle in Arizona Coyotes zone.
7:01 of 3rd period - Minor Penalty to Ben Chiarot for Cross-checking.
7:02 of 3rd period - Mason McTavish wins face-off versus Casey Cizikas in Philadelphia Flyers zone.
8:58 of 3rd period - Wrist shot by Tyler Johnson.
8:58 of 3rd period - Stopped by Petr Mrazek with a rebound.
9:00 of 3rd period - Wrist shot by Andrew Copp.
9:00 of 3rd period - Goal by Andrew Copp - Philadelphia Flyers : 4 - Arizona Coyotes : 0.
9:01 of 3rd period - Penalty to Ben Chiarot is over, Ben Chiarot is back on ice.
9:01 of 3rd period - Ross Colton wins face-off versus Andrew Copp in neutral zone.
9:12 of 3rd period - Backhand shot by Jani Hakanpaa.
9:12 of 3rd period - Shot Misses the Net.
9:14 of 3rd period - Slapshot by Zach Parise.
9:14 of 3rd period - Stopped by Connor Ingram without a rebound.
9:15 of 3rd period - Charlie Coyle wins face-off versus Radek Faksa in Philadelphia Flyers zone.
9:30 of 3rd period - Snap shot by Tyler Seguin.
9:30 of 3rd period - Shot Blocked by Jonas Brodin.
9:32 of 3rd period - Wrist shot by Tyler Seguin.
9:32 of 3rd period - Deflect By Mats Zuccarello.
9:32 of 3rd period - Shot Misses the Net.
9:32 of 3rd period - Puck is out of play.
9:33 of 3rd period - Mason McTavish wins face-off versus Auston Matthews in Philadelphia Flyers zone.
9:40 of 3rd period - Wrist shot by Erik Haula.
9:40 of 3rd period - Shot Misses the Net.
9:42 of 3rd period - Minor Penalty to Connor Murphy for Holding.
9:43 of 3rd period - Radek Faksa wins face-off versus Mason McTavish in Philadelphia Flyers zone.
11:04 of 3rd period - Radek Faksa is hit by Matt Dumba and loses puck.
11:42 of 3rd period - Penalty to Connor Murphy is over, Connor Murphy is back on ice.
11:43 of 3rd period - Slapshot by Tyler Johnson.
11:43 of 3rd period - Deflect By Connor Murphy.
11:43 of 3rd period - Shot Blocked by Radko Gudas.
11:43 of 3rd period - Puck is out of play.
11:44 of 3rd period - Auston Matthews wins face-off versus Ross Colton in Arizona Coyotes zone.
11:53 of 3rd period - Snap shot by Auston Matthews.
11:53 of 3rd period - Shot Misses the Net.
12:10 of 3rd period - Minor Penalty to Jayden Struble for Tripping.
12:11 of 3rd period - Tyler Seguin wins face-off versus Andrew Copp in Arizona Coyotes zone.
12:18 of 3rd period - Wrist shot by Tyler Seguin.
12:18 of 3rd period - Shot Misses the Net.
12:25 of 3rd period - Off-side.
12:26 of 3rd period - Auston Matthews wins face-off versus Charlie Coyle in neutral zone.
12:29 of 3rd period - Jani Hakanpaa is hit by Auston Matthews and loses puck.
12:42 of 3rd period - Snap shot by Auston Matthews.
12:42 of 3rd period - Stopped by Petr Mrazek with a rebound.
14:10 of 3rd period - Penalty to Jayden Struble is over, Jayden Struble is back on ice.
14:23 of 3rd period - Snap shot by Ross Colton.
14:23 of 3rd period - Stopped by Connor Ingram with a rebound.
15:00 of 3rd period - Sonny Milano is hit by Anthony Deangelo and loses puck.
15:05 of 3rd period - Snap shot by Mason McTavish.
15:05 of 3rd period - Stopped by Connor Ingram with a rebound.
15:28 of 3rd period - Icing by Tyler Johnson.
15:29 of 3rd period - Mark Jankowski wins face-off versus Casey Cizikas in Philadelphia Flyers zone.
16:15 of 3rd period - Snap shot by Tyler Johnson.
16:15 of 3rd period - Stopped by Petr Mrazek without a rebound.
16:16 of 3rd period - Andrew Copp wins face-off versus Charlie Coyle in Arizona Coyotes zone.
16:19 of 3rd period - Wrist shot by Matt Duchene.
16:19 of 3rd period - Shot Misses the Net.
16:43 of 3rd period - Vladimir Tarasenko is hit by Erik Haula and loses puck.
16:52 of 3rd period - Wrist shot by Mason McTavish.
16:52 of 3rd period - Shot Misses the Net.
17:22 of 3rd period - Wrist shot by Mats Zuccarello.
17:22 of 3rd period - Stopped by Connor Ingram with a rebound.
17:24 of 3rd period - Slapshot by Jayden Struble.
17:24 of 3rd period - Stopped by Connor Ingram without a rebound.
17:25 of 3rd period - Charlie Coyle wins face-off versus Andrew Copp in Philadelphia Flyers zone.
17:26 of 3rd period - Wrist shot by Mats Zuccarello.
17:26 of 3rd period - Goal by Mats Zuccarello - Philadelphia Flyers : 4 - Arizona Coyotes : 1.
17:27 of 3rd period - Charlie Coyle wins face-off versus Andrew Copp in neutral zone.
17:30 of 3rd period - Slapshot by Charlie Coyle.
17:30 of 3rd period - Stopped by Connor Ingram with a rebound.
17:38 of 3rd period - Wrist shot by Alexander Wennberg.
17:38 of 3rd period - Shot Misses the Net.
17:52 of 3rd period - Erik Haula is hit by Bryan Rust.
18:13 of 3rd period - Wrist shot by Ondrej Palat.
18:13 of 3rd period - Stopped by Connor Ingram with a rebound.
18:22 of 3rd period - Backhand shot by Auston Matthews.
18:22 of 3rd period - Shot Misses the Net.
18:36 of 3rd period - Snap shot by Bryan Rust.
18:36 of 3rd period - Shot Misses the Net.
18:38 of 3rd period - Snap shot by Connor Murphy.
18:38 of 3rd period - Stopped by Petr Mrazek with a rebound.
19:04 of 3rd period - Wrist shot by Auston Matthews.
19:04 of 3rd period - Stopped by Petr Mrazek with a rebound.
19:06 of 3rd period - Slapshot by Trevor van Riemsdyk.
19:06 of 3rd period - Shot Blocked by Matt Dumba.
19:08 of 3rd period - Slapshot by Trevor van Riemsdyk.
19:08 of 3rd period - Stopped by Petr Mrazek with a rebound.
19:10 of 3rd period - Backhand shot by Trevor van Riemsdyk.
19:10 of 3rd period - Stopped by Petr Mrazek without a rebound.
19:11 of 3rd period - Charlie Coyle wins face-off versus Radek Faksa in Arizona Coyotes zone.
19:16 of 3rd period - Justin Faulk is hit by Mats Zuccarello and loses puck.
19:23 of 3rd period - Snap shot by Mats Zuccarello.
19:23 of 3rd period - Stopped by Connor Ingram with a rebound.
19:25 of 3rd period - Wrist shot by Tyler Seguin.
19:25 of 3rd period - Deflect By Charlie Coyle.
19:25 of 3rd period - Shot Blocked by Justin Faulk.
19:25 of 3rd period - Puck is out of play.
19:26 of 3rd period - Andrew Copp wins face-off versus Mason McTavish in Philadelphia Flyers zone.
19:33 of 3rd period - Wrist shot by Mason McTavish.
19:33 of 3rd period - Shot Blocked by Alexander Wennberg.
19:56 of 3rd period - Wrist shot by Charlie Coyle.
19:56 of 3rd period - Shot Misses the Net.
Goals for this period are 2 for Philadelphia Flyers vs 1 for Arizona Coyotes.
Shots for this period are 14 for Philadelphia Flyers vs 10 for Arizona Coyotes.
Back to the Top